Connexion

PHILADELPHIA Flyers vs WASHINGTON Capitals (R2)

Created - 14 novembre 2023 at 08:06

Goals
1 2 3 T
PHILADELPHIA Flyers 4 1 0 5
WASHINGTON Capitals 1 0 0 1
Shots
1 2 3 T
PHILADELPHIA Flyers 16 10 13 39
WASHINGTON Capitals 11 10 2 23

GoalsPenalties
1st period
1. PHILADELPHIA Flyers , Joe Veleno 2 (Kasperi Kapanen 16, Brock McGinn 16) at 2:04
2. PHILADELPHIA Flyers , Alex Pietrangelo 4 (Sam Reinhart 4, Pavel Buchnevich 10) at 3:29 (PP)
3. PHILADELPHIA Flyers , Kasperi Kapanen 9 (Brock McGinn 17, Joe Veleno 4) at 4:10
4. PHILADELPHIA Flyers , Alex Pietrangelo 5 (Sam Reinhart 5) at 8:47 (PP)
5. WASHINGTON Capitals , Frederick Gaudreau 19 (Jared McCann 27, Nick Jensen 10) at 19:19
Nikita Kucherov (WAS) for Hooking (Minor) at 3:11
Frederick Gaudreau (WAS) for Hooking (Minor) at 4:24
Brandon Hagel (WAS) for Hooking (Minor) at 7:43
Joel Hanley (WAS) for Cross-checking (Minor) at 8:43
Jason Zucker (PHI) for Hooking (Minor) at 15:24
2nd period
6. PHILADELPHIA Flyers , Sean Monahan 16 (Jason Zucker 19, Austin Czarnik 25) at 18:57 (PP)
Andreas Johnsson (WAS) for Hooking (Minor) at 7:25
Tj Brodie (PHI) for Hooking (Minor) at 7:25
Denis Gurianov (WAS) for Hooking (Minor) at 12:55
Olli Maatta (PHI) for High sticking (Double Minor) at 12:55
Haydn Fleury (WAS) for High sticking (Minor) at 18:10
Nick Jensen (WAS) for Fighting (Major) at 19:34
Sam Reinhart (PHI) for Fighting (Major) at 19:34
Brandon Hagel (WAS) for Fighting (Major) at 19:34
Alex Pietrangelo (PHI) for Fighting (Major) at 19:34
Alex Killorn (WAS) for Fighting (Major) at 19:34
Jakob Silfverberg (PHI) for Fighting (Major) at 19:34
Haydn Fleury (WAS) for High sticking (Minor) at 19:34
Pavel Buchnevich (PHI) for Roughing (Minor) at 19:34
Nikita Kucherov (WAS) for Roughing (Minor) at 19:34
3rd period
No Goal
Alex Pietrangelo (PHI) for Hooking (Minor) at 14:51
Adam Lowry (PHI) for Charging (Minor) at 17:38
Goalie Stats
Stuart Skinner (PHI), 22 saves from 23 shots - (0,957), W, 18-12-1, 60:00 minutes
Jordan Binnington (WAS), 8 saves from 12 shots - (0,667), L, 20-7-5, 8:47 minutes
Marcus Hogberg (WAS), 26 saves from 27 shots - (0,963), 51:13 minutes
3 StarsOfficial
1 - Joe Veleno (PHI)
2 - Kasperi Kapanen (PHI)
3 - Brock McGinn (PHI)
Referees : Don VanMassenhoven and Dan O'Halloran
Linesman : Jonny Murray and Mark Wheler
Game Note
Marcus Hogberg enters game at 8:47 of 1st period
General Fight at 19:34 of 2nd period
Nick Jensen and Sam Reinhart fight to a draw at 19:34 of 2nd period
Brandon Hagel beats up Alex Pietrangelo at 19:34 of 2nd period
Alex Killorn beats up Jakob Silfverberg at 19:34 of 2nd period
Finance
Level 1 -- Attendance: 4150 (69,17%) -- Ticket Income 684 750 $
Level 2 -- Attendance: 3904 (73,98%) -- Ticket Income 429 440 $
Level 3 -- Attendance: 1062 (53,10%) -- Ticket Income 90 270 $
Level 4 -- Attendance: 2148 (53,70%) -- Ticket Income 124 584 $
Luxury Box -- Attendance: 948 (94,80%) -- Ticket Income 237 000 $
Game was played at the Verizon Center.
Total Attendance: 12212 (66,82%)
Total Ticket Income: 1 566 044 $
Other Income: 313 209 $
Total Income: 1 879 253 $



Team Name Goals Shots Shots Attemp Shots Blocked PIM HIT PP PK FO%
PHILADELPHIA Flyers 53969929273 / 6 (50%)045%
WASHINGTON Capitals 12355433150 / 4 (0%)355%

PHILADELPHIA Flyers
Player Name POS G A P +/- PIM HIT SHT SB MP PP MP PP SHT PK MP PK SHT FO% FOT
Adam LowryC/LW000023006:250:0000:0000% 0
Alex PietrangeloD202-1714122:192:3933:3600% 0
Austin CzarnikC/RW011-1024023:203:0304:13150% 2
Brock McGinnLW/RW0222012011:150:0000:21050% 2
Calen AddisonD0000000022:373:2403:3900% 0
Jakob SilfverbergLW/RW0000525014:063:0010:000100% 1
Jason ZuckerLW/RW011-1265018:233:0322:1400% 3
Joe VelenoC112201208:500:0000:00025% 4
Justin FaulkD0000030323:313:2403:3900% 0
Kasperi KapanenLW/RW1122003011:240:0000:0000% 0
Matt RoyD0002000013:180:0000:4200% 0
Nail YakupovRW000000009:070:0001:460100% 1
Olli MaattaD0002420213:190:0000:0000% 0
Pavel BuchnevichLW/RW0110231219:213:0003:09050% 4
Sam ReinhartC/RW0220501014:063:0000:00040% 15
Sean MonahanC101-1018023:183:0334:11050% 36
Tj BrodieD000-1223124:522:3934:1800% 0
Zach PariseC/LW000000106:260:0000:00043% 7
WASHINGTON Capitals
Player Name POS G A P +/- PIM HIT SHT SB MP PP MP PP SHT PK MP PK SHT FO% FOT
Aleksander BarkovC0001022023:314:0015:59053% 34
Alex KillornC/LW/RW000-2522015:333:1520:14060% 10
Andreas JohnssonLW/RW0000202010:580:4400:000100% 2
Brandon HagelLW000-2701015:183:1500:0000% 1
Denis GurianovLW/RW0000224013:350:4410:00050% 2
Dryden HuntC/LW000000006:050:0000:00071% 7
Frederick GaudreauC/RW1011224021:313:5813:2200% 1
Givani SmithRW000000006:470:4200:0000% 0
Haydn FleuryD000-1400021:014:0601:5700% 0
Jared McCannC/LW0111020017:373:5801:40043% 7
Joel HanleyD0000211123:473:0713:3600% 0
Joel KivirantaLW000000006:380:0000:0000% 0
Mikey EyssimontC/LW0000012011:040:0001:06055% 11
Nick JensenD011-1502219:194:0612:1400% 0
Nikita KucherovRW000-2432017:523:1501:4000% 0
Sean WalkerD0000000016:290:4402:2800% 0
Shea TheodoreD0000001124:183:0714:5400% 0
Slater KoekkoekD0000000014:220:4400:5400% 0



Play-by-Play

1st period


0:01 of 1st period - Sean Monahan wins face-off versus Aleksander Barkov in neutral zone.
0:04 of 1st period - Joel Hanley is hit by Jason Zucker.
0:07 of 1st period - Jared McCann is hit by Jason Zucker and loses puck.
0:20 of 1st period - Shot by Austin Czarnik.
0:20 of 1st period - Shot Misses the Net.
0:24 of 1st period - Shot by Sean Monahan.
0:24 of 1st period - Shot Misses the Net.
1:16 of 1st period - Shot by Sam Reinhart.
1:16 of 1st period - Deflect By Jakob Silfverberg.
1:16 of 1st period - Shot Hit the Post.
1:22 of 1st period - Shot by Sam Reinhart.
1:22 of 1st period - Shot Misses the Net.
1:30 of 1st period - Shot by Pavel Buchnevich.
1:30 of 1st period - Shot Misses the Net.
1:32 of 1st period - Shot by Jakob Silfverberg.
1:32 of 1st period - Stopped by Jordan Binnington without a rebound.
1:33 of 1st period - Alex Killorn wins face-off versus Joe Veleno in WASHINGTON Capitals zone.
1:42 of 1st period - Shot by Brandon Hagel.
1:42 of 1st period - Shot Hit the Post.
1:50 of 1st period - Shot by Kasperi Kapanen.
1:50 of 1st period - Shot Misses the Net.
2:04 of 1st period - Shot by Joe Veleno.
2:04 of 1st period - Goal by Joe Veleno - PHILADELPHIA Flyers : 1 - WASHINGTON Capitals : 0.
2:05 of 1st period - Mikey Eyssimont wins face-off versus Zach Parise in neutral zone.
2:16 of 1st period - Shot by Denis Gurianov.
2:16 of 1st period - Stopped by Stuart Skinner without a rebound.
2:17 of 1st period - Dryden Hunt wins face-off versus Sean Monahan in PHILADELPHIA Flyers zone.
2:41 of 1st period - Icing by Justin Faulk.
2:42 of 1st period - Sean Monahan wins face-off versus Mikey Eyssimont in PHILADELPHIA Flyers zone.
2:42 of 1st period - Sean Monahan is hit by Mikey Eyssimont.
3:08 of 1st period - Shot by Mikey Eyssimont.
3:08 of 1st period - Stopped by Stuart Skinner without a rebound.
3:09 of 1st period - Sam Reinhart wins face-off versus Brandon Hagel in PHILADELPHIA Flyers zone.
3:11 of 1st period - Minor Penalty to Nikita Kucherov for Hooking.
3:12 of 1st period - Sam Reinhart wins face-off versus Aleksander Barkov in WASHINGTON Capitals zone.
3:18 of 1st period - Pavel Buchnevich is hit by Joel Hanley and loses puck.
3:29 of 1st period - Shot by Alex Pietrangelo.
3:29 of 1st period - Goal by Alex Pietrangelo - PHILADELPHIA Flyers : 2 - WASHINGTON Capitals : 0.
3:30 of 1st period - Alex Killorn wins face-off versus Brock McGinn in neutral zone.
4:10 of 1st period - Shot by Kasperi Kapanen.
4:10 of 1st period - Goal by Kasperi Kapanen - PHILADELPHIA Flyers : 3 - WASHINGTON Capitals : 0.
4:11 of 1st period - Mikey Eyssimont wins face-off versus Pavel Buchnevich in neutral zone.
4:11 of 1st period - Mikey Eyssimont is hit by Jakob Silfverberg.
4:14 of 1st period - Joel Hanley is hit by Alex Pietrangelo and loses puck.
4:18 of 1st period - Icing by Tj Brodie.
4:19 of 1st period - Aleksander Barkov wins face-off versus Sam Reinhart in PHILADELPHIA Flyers zone.
4:19 of 1st period - Shea Theodore is hit by Tj Brodie and loses puck.
4:23 of 1st period - Icing by Sam Reinhart.
4:24 of 1st period - Sam Reinhart wins face-off versus Aleksander Barkov in PHILADELPHIA Flyers zone.
4:24 of 1st period - Minor Penalty to Frederick Gaudreau for Hooking.
4:25 of 1st period - Aleksander Barkov wins face-off versus Sean Monahan in WASHINGTON Capitals zone.
4:38 of 1st period - Shot by Tj Brodie.
4:38 of 1st period - Stopped by Jordan Binnington with a rebound.
4:40 of 1st period - Shot by Sean Monahan.
4:40 of 1st period - Shot Misses the Net.
4:58 of 1st period - Shot by Jason Zucker.
4:58 of 1st period - Stopped by Jordan Binnington with a rebound.
5:00 of 1st period - Shot by Tj Brodie.
5:00 of 1st period - Stopped by Jordan Binnington with a rebound.
5:02 of 1st period - Shot by Alex Pietrangelo.
5:02 of 1st period - Shot Misses the Net.
5:04 of 1st period - Shot by Jason Zucker.
5:04 of 1st period - Shot Misses the Net.
5:06 of 1st period - Shot by Tj Brodie.
5:06 of 1st period - Stopped by Jordan Binnington with a rebound.
5:08 of 1st period - Shot by Sean Monahan.
5:08 of 1st period - Stopped by Jordan Binnington without a rebound.
5:09 of 1st period - Jared McCann wins face-off versus Sam Reinhart in WASHINGTON Capitals zone.
6:06 of 1st period - Shot by Aleksander Barkov.
6:06 of 1st period - Shot Misses the Net.
7:43 of 1st period - Minor Penalty to Brandon Hagel for Hooking.
7:44 of 1st period - Aleksander Barkov wins face-off versus Sam Reinhart in WASHINGTON Capitals zone.
7:50 of 1st period - Icing by Pavel Buchnevich.
7:51 of 1st period - Aleksander Barkov wins face-off versus Sam Reinhart in PHILADELPHIA Flyers zone.
8:06 of 1st period - Shot by Alex Pietrangelo.
8:06 of 1st period - Stopped by Jordan Binnington without a rebound.
8:07 of 1st period - Aleksander Barkov wins face-off versus Sean Monahan in WASHINGTON Capitals zone.
8:07 of 1st period - Aleksander Barkov is hit by Jason Zucker.
8:32 of 1st period - Shot by Jason Zucker.
8:32 of 1st period - Shot Blocked by Shea Theodore.
8:42 of 1st period - Shot by Jason Zucker.
8:42 of 1st period - Stopped by Jordan Binnington with a rebound.
8:43 of 1st period - Minor Penalty to Joel Hanley for Cross-checking.
8:44 of 1st period - Sam Reinhart wins face-off versus Aleksander Barkov in WASHINGTON Capitals zone.
8:45 of 1st period - Shot by Alex Pietrangelo.
8:45 of 1st period - Shot Misses the Net.
8:47 of 1st period - Shot by Alex Pietrangelo.
8:47 of 1st period - Goal by Alex Pietrangelo - PHILADELPHIA Flyers : 4 - WASHINGTON Capitals : 0.
8:47 of 1st period - Marcus Hogberg enters game.
8:48 of 1st period - Sam Reinhart wins face-off versus Aleksander Barkov in neutral zone.
8:51 of 1st period - Shot by Sam Reinhart.
8:51 of 1st period - Shot Blocked by Nick Jensen.
8:53 of 1st period - Shot by Jakob Silfverberg.
8:53 of 1st period - Stopped by Marcus Hogberg without a rebound.
8:54 of 1st period - Aleksander Barkov wins face-off versus Pavel Buchnevich in WASHINGTON Capitals zone.
9:52 of 1st period - Off-side.
9:53 of 1st period - Sean Monahan wins face-off versus Jared McCann in neutral zone.
10:10 of 1st period - Shot by Austin Czarnik.
10:10 of 1st period - Shot Misses the Net.
11:11 of 1st period - Haydn Fleury is hit by Brock McGinn and loses puck.
11:20 of 1st period - Shot by Denis Gurianov.
11:20 of 1st period - Stopped by Stuart Skinner with a rebound.
11:22 of 1st period - Shot by Nick Jensen.
11:22 of 1st period - Stopped by Stuart Skinner with a rebound.
11:24 of 1st period - Shot by Denis Gurianov.
11:24 of 1st period - Deflect By Andreas Johnsson.
11:24 of 1st period - Stopped by Stuart Skinner without a rebound.
11:25 of 1st period - Jakob Silfverberg wins face-off versus Alex Killorn in PHILADELPHIA Flyers zone.
11:25 of 1st period - Jakob Silfverberg is hit by Alex Killorn.
12:25 of 1st period - Shot by Austin Czarnik.
12:25 of 1st period - Shot Blocked by Joel Hanley.
12:37 of 1st period - Shot by Austin Czarnik.
12:37 of 1st period - Shot Misses the Net.
12:39 of 1st period - Shot by Sean Monahan.
12:39 of 1st period - Stopped by Marcus Hogberg with a rebound.
12:47 of 1st period - Shot by Sean Monahan.
12:47 of 1st period - Shot Misses the Net.
13:41 of 1st period - Shot by Joe Veleno.
13:41 of 1st period - Shot Misses the Net.
15:23 of 1st period - Icing by Nick Jensen.
15:24 of 1st period - Aleksander Barkov wins face-off versus Sean Monahan in WASHINGTON Capitals zone.
15:24 of 1st period - Minor Penalty to Jason Zucker for Hooking.
15:25 of 1st period - Sean Monahan wins face-off versus Aleksander Barkov in PHILADELPHIA Flyers zone.
15:25 of 1st period - Sean Monahan is hit by Aleksander Barkov.
16:10 of 1st period - Icing by Denis Gurianov.
16:11 of 1st period - Denis Gurianov wins face-off versus Sean Monahan in WASHINGTON Capitals zone.
16:11 of 1st period - Denis Gurianov is hit by Sean Monahan.
16:19 of 1st period - Shot by Andreas Johnsson.
16:19 of 1st period - Shot Misses the Net.
16:21 of 1st period - Shot by Sean Walker.
16:21 of 1st period - Shot Misses the Net.
16:23 of 1st period - Shot by Slater Koekkoek.
16:23 of 1st period - Shot Misses the Net.
16:25 of 1st period - Shot by Slater Koekkoek.
16:25 of 1st period - Shot Misses the Net.
16:41 of 1st period - Shot by Andreas Johnsson.
16:41 of 1st period - Deflect By Denis Gurianov.
16:41 of 1st period - Stopped by Stuart Skinner without a rebound.
16:42 of 1st period - Nail Yakupov wins face-off versus Aleksander Barkov in PHILADELPHIA Flyers zone.
17:05 of 1st period - Shot by Aleksander Barkov.
17:05 of 1st period - Shot Misses the Net.
17:07 of 1st period - Shot by Frederick Gaudreau.
17:07 of 1st period - Shot Blocked by Pavel Buchnevich.
17:09 of 1st period - Shot by Frederick Gaudreau.
17:09 of 1st period - Stopped by Stuart Skinner with a rebound.
17:13 of 1st period - Shot by Nick Jensen.
17:13 of 1st period - Stopped by Stuart Skinner with a rebound.
17:15 of 1st period - Shot by Aleksander Barkov.
17:15 of 1st period - Stopped by Stuart Skinner with a rebound.
17:17 of 1st period - Shot by Nick Jensen.
17:17 of 1st period - Shot Misses the Net.
17:42 of 1st period - Joel Kiviranta is hit by Joe Veleno and loses puck.
18:34 of 1st period - Icing by Justin Faulk.
18:35 of 1st period - Andreas Johnsson wins face-off versus Joe Veleno in PHILADELPHIA Flyers zone.
18:40 of 1st period - Shot by Mikey Eyssimont.
18:40 of 1st period - Deflect By Andreas Johnsson.
18:40 of 1st period - Shot Misses the Net.
18:42 of 1st period - Shot by Denis Gurianov.
18:42 of 1st period - Shot Blocked by Justin Faulk.
18:44 of 1st period - Shot by Andreas Johnsson.
18:44 of 1st period - Shot Misses the Net.
18:54 of 1st period - Shot by Denis Gurianov.
18:54 of 1st period - Deflect By Andreas Johnsson.
18:54 of 1st period - Shot Misses the Net.
18:56 of 1st period - Shot by Denis Gurianov.
18:56 of 1st period - Stopped by Stuart Skinner without a rebound.
18:57 of 1st period - Sean Monahan wins face-off versus Aleksander Barkov in PHILADELPHIA Flyers zone.
19:02 of 1st period - Shot by Jason Zucker.
19:02 of 1st period - Stopped by Marcus Hogberg with a rebound.
19:19 of 1st period - Shot by Frederick Gaudreau.
19:19 of 1st period - Goal by Frederick Gaudreau - PHILADELPHIA Flyers : 4 - WASHINGTON Capitals : 1.
19:20 of 1st period - Pavel Buchnevich wins face-off versus Denis Gurianov in neutral zone.
19:33 of 1st period - Shot by Pavel Buchnevich.
19:33 of 1st period - Stopped by Marcus Hogberg without a rebound.
19:34 of 1st period - Sean Monahan wins face-off versus Jared McCann in WASHINGTON Capitals zone.
Goals for this period are 4 for PHILADELPHIA Flyers vs 1 for WASHINGTON Capitals.
Shots for this period are 16 for PHILADELPHIA Flyers vs 11 for WASHINGTON Capitals.

2nd period


0:01 of 2nd period - Sean Monahan wins face-off versus Aleksander Barkov in neutral zone.
0:34 of 2nd period - Shot by Sean Monahan.
0:34 of 2nd period - Stopped by Marcus Hogberg without a rebound.
0:35 of 2nd period - Pavel Buchnevich wins face-off versus Mikey Eyssimont in WASHINGTON Capitals zone.
1:08 of 2nd period - Shot by Jakob Silfverberg.
1:08 of 2nd period - Stopped by Marcus Hogberg without a rebound.
1:09 of 2nd period - Sean Monahan wins face-off versus Aleksander Barkov in WASHINGTON Capitals zone.
1:10 of 2nd period - Shot by Jason Zucker.
1:10 of 2nd period - Deflect By Sean Monahan.
1:10 of 2nd period - Stopped by Marcus Hogberg without a rebound.
1:11 of 2nd period - Aleksander Barkov wins face-off versus Sean Monahan in WASHINGTON Capitals zone.
1:25 of 2nd period - Icing by Tj Brodie.
1:26 of 2nd period - Sean Monahan wins face-off versus Alex Killorn in PHILADELPHIA Flyers zone.
2:21 of 2nd period - Jason Zucker is hit by Frederick Gaudreau and loses puck.
2:30 of 2nd period - Frederick Gaudreau is hit by Austin Czarnik and loses puck.
2:49 of 2nd period - Shot by Aleksander Barkov.
2:49 of 2nd period - Stopped by Stuart Skinner without a rebound.
2:50 of 2nd period - Mikey Eyssimont wins face-off versus Zach Parise in PHILADELPHIA Flyers zone.
2:53 of 2nd period - Shot by Andreas Johnsson.
2:53 of 2nd period - Stopped by Stuart Skinner without a rebound.
2:54 of 2nd period - Sam Reinhart wins face-off versus Mikey Eyssimont in PHILADELPHIA Flyers zone.
2:59 of 2nd period - Pavel Buchnevich is hit by Denis Gurianov and loses puck.
3:37 of 2nd period - Shot by Jakob Silfverberg.
3:37 of 2nd period - Stopped by Marcus Hogberg with a rebound.
3:39 of 2nd period - Shot by Justin Faulk.
3:39 of 2nd period - Shot Misses the Net.
4:46 of 2nd period - Nail Yakupov is hit by Nikita Kucherov and loses puck.
4:58 of 2nd period - Nikita Kucherov is hit by Olli Maatta and loses puck.
5:03 of 2nd period - Shot by Nikita Kucherov.
5:03 of 2nd period - Deflect By Brandon Hagel.
5:03 of 2nd period - Stopped by Stuart Skinner without a rebound.
5:04 of 2nd period - Sean Monahan wins face-off versus Dryden Hunt in PHILADELPHIA Flyers zone.
5:10 of 2nd period - Off-side.
5:11 of 2nd period - Alex Killorn wins face-off versus Sean Monahan in neutral zone.
5:11 of 2nd period - Alex Killorn is hit by Jason Zucker.
5:24 of 2nd period - Off-side.
5:25 of 2nd period - Aleksander Barkov wins face-off versus Sam Reinhart in neutral zone.
5:25 of 2nd period - Aleksander Barkov is hit by Pavel Buchnevich.
5:33 of 2nd period - Jakob Silfverberg is hit by Aleksander Barkov and loses puck.
5:48 of 2nd period - Justin Faulk is hit by Jared McCann and loses puck.
6:29 of 2nd period - Shot by Joel Hanley.
6:29 of 2nd period - Shot Misses the Net.
6:33 of 2nd period - Shot by Brandon Hagel.
6:33 of 2nd period - Shot Blocked by Tj Brodie.
6:35 of 2nd period - Shot by Nikita Kucherov.
6:35 of 2nd period - Stopped by Stuart Skinner with a rebound.
6:39 of 2nd period - Shot by Alex Killorn.
6:39 of 2nd period - Shot Blocked by Alex Pietrangelo.
6:55 of 2nd period - Shot by Brandon Hagel.
6:55 of 2nd period - Shot Misses the Net.
7:13 of 2nd period - Brandon Hagel is hit by Austin Czarnik and loses puck.
7:25 of 2nd period - Minor Penalty to Andreas Johnsson for Hooking.
7:25 of 2nd period - Minor Penalty to Tj Brodie for Hooking.
7:26 of 2nd period - Brock McGinn wins face-off versus Frederick Gaudreau in PHILADELPHIA Flyers zone.
7:26 of 2nd period - Brock McGinn is hit by Frederick Gaudreau.
8:43 of 2nd period - Shot by Austin Czarnik.
8:43 of 2nd period - Stopped by Marcus Hogberg with a rebound.
9:05 of 2nd period - Shot by Aleksander Barkov.
9:05 of 2nd period - Shot Misses the Net.
9:44 of 2nd period - Givani Smith is hit by Tj Brodie and loses puck.
10:34 of 2nd period - Shot by Sam Reinhart.
10:34 of 2nd period - Stopped by Marcus Hogberg with a rebound.
10:36 of 2nd period - Shot by Calen Addison.
10:36 of 2nd period - Shot Misses the Net.
11:08 of 2nd period - Icing by Pavel Buchnevich.
11:09 of 2nd period - Alex Killorn wins face-off versus Sam Reinhart in PHILADELPHIA Flyers zone.
12:20 of 2nd period - Icing by Jared McCann.
12:21 of 2nd period - Sean Monahan wins face-off versus Aleksander Barkov in WASHINGTON Capitals zone.
12:38 of 2nd period - Shot by Austin Czarnik.
12:38 of 2nd period - Stopped by Marcus Hogberg without a rebound.
12:39 of 2nd period - Zach Parise wins face-off versus Mikey Eyssimont in WASHINGTON Capitals zone.
12:55 of 2nd period - Minor Penalty to Denis Gurianov for Hooking.
12:55 of 2nd period - Double Minor Penalty to Olli Maatta for High sticking.
12:56 of 2nd period - Aleksander Barkov wins face-off versus Sean Monahan in PHILADELPHIA Flyers zone.
13:11 of 2nd period - Shot by Aleksander Barkov.
13:11 of 2nd period - Shot Misses the Net.
13:34 of 2nd period - Shot by Aleksander Barkov.
13:34 of 2nd period - Shot Misses the Net.
13:37 of 2nd period - Icing by Alex Pietrangelo.
13:38 of 2nd period - Jared McCann wins face-off versus Sean Monahan in PHILADELPHIA Flyers zone.
14:05 of 2nd period - Shot by Nikita Kucherov.
14:05 of 2nd period - Stopped by Stuart Skinner without a rebound.
14:06 of 2nd period - Aleksander Barkov wins face-off versus Jason Zucker in PHILADELPHIA Flyers zone.
14:13 of 2nd period - Shot by Frederick Gaudreau.
14:13 of 2nd period - Stopped by Stuart Skinner without a rebound.
14:14 of 2nd period - Austin Czarnik wins face-off versus Aleksander Barkov in PHILADELPHIA Flyers zone.
14:29 of 2nd period - Shot by Austin Czarnik.
14:29 of 2nd period - Shot Misses the Net.
14:41 of 2nd period - Shot by Aleksander Barkov.
14:41 of 2nd period - Shot Misses the Net.
14:43 of 2nd period - Shot by Frederick Gaudreau.
14:43 of 2nd period - Stopped by Stuart Skinner without a rebound.
14:44 of 2nd period - Jared McCann wins face-off versus Jason Zucker in PHILADELPHIA Flyers zone.
14:53 of 2nd period - Shot by Jared McCann.
14:53 of 2nd period - Deflect By Nikita Kucherov.
14:53 of 2nd period - Shot Misses the Net.
15:09 of 2nd period - Shot by Brandon Hagel.
15:09 of 2nd period - Shot Misses the Net.
15:21 of 2nd period - Shot by Alex Killorn.
15:21 of 2nd period - Stopped by Stuart Skinner with a rebound.
15:23 of 2nd period - Shot by Brandon Hagel.
15:23 of 2nd period - Shot Blocked by Justin Faulk.
15:25 of 2nd period - Shot by Alex Killorn.
15:25 of 2nd period - Stopped by Stuart Skinner without a rebound.
15:26 of 2nd period - Sean Monahan wins face-off versus Aleksander Barkov in PHILADELPHIA Flyers zone.
16:29 of 2nd period - Shot by Alex Killorn.
16:29 of 2nd period - Shot Blocked by Pavel Buchnevich.
17:03 of 2nd period - Shot by Andreas Johnsson.
17:03 of 2nd period - Deflect By Mikey Eyssimont.
17:03 of 2nd period - Stopped by Stuart Skinner with a rebound.
17:11 of 2nd period - Andreas Johnsson is hit by Jakob Silfverberg and loses puck.
17:55 of 2nd period - Shot by Brock McGinn.
17:55 of 2nd period - Shot Misses the Net.
18:09 of 2nd period - Shot by Kasperi Kapanen.
18:09 of 2nd period - Stopped by Marcus Hogberg without a rebound.
18:10 of 2nd period - Sean Monahan wins face-off versus Jared McCann in WASHINGTON Capitals zone.
18:10 of 2nd period - Minor Penalty to Haydn Fleury for High sticking.
18:11 of 2nd period - Sean Monahan wins face-off versus Aleksander Barkov in WASHINGTON Capitals zone.
18:16 of 2nd period - Shot by Sean Monahan.
18:16 of 2nd period - Stopped by Marcus Hogberg without a rebound.
18:17 of 2nd period - Aleksander Barkov wins face-off versus Sean Monahan in WASHINGTON Capitals zone.
18:57 of 2nd period - Shot by Sean Monahan.
18:57 of 2nd period - Goal by Sean Monahan - PHILADELPHIA Flyers : 5 - WASHINGTON Capitals : 1.
18:58 of 2nd period - Alex Killorn wins face-off versus Sam Reinhart in neutral zone.
19:01 of 2nd period - Sam Reinhart is hit by Alex Killorn and loses puck.
19:10 of 2nd period - Shot by Jakob Silfverberg.
19:10 of 2nd period - Deflect By Pavel Buchnevich.
19:10 of 2nd period - Shot Misses the Net.
19:20 of 2nd period - Tj Brodie is hit by Nikita Kucherov and loses puck.
19:34 of 2nd period - Nick Jensen and Sam Reinhart fight to a draw.
19:34 of 2nd period - Penalty to Nick Jensen for Fighting.
19:34 of 2nd period - Penalty to Sam Reinhart for Fighting.
19:34 of 2nd period - Brandon Hagel beats up Alex Pietrangelo.
19:34 of 2nd period - Penalty to Brandon Hagel for Fighting.
19:34 of 2nd period - Penalty to Alex Pietrangelo for Fighting.
19:34 of 2nd period - Alex Killorn beats up Jakob Silfverberg.
19:34 of 2nd period - Penalty to Alex Killorn for Fighting.
19:34 of 2nd period - Penalty to Jakob Silfverberg for Fighting.
19:34 of 2nd period - Minor Penalty to Haydn Fleury for High sticking.
19:34 of 2nd period - Minor Penalty to Pavel Buchnevich for Roughing.
19:34 of 2nd period - Minor Penalty to Nikita Kucherov for Roughing.
19:35 of 2nd period - Aleksander Barkov wins face-off versus Sean Monahan in WASHINGTON Capitals zone.
19:53 of 2nd period - Aleksander Barkov is hit by Justin Faulk and loses puck.
Goals for this period are 1 for PHILADELPHIA Flyers vs 0 for WASHINGTON Capitals.
Shots for this period are 10 for PHILADELPHIA Flyers vs 10 for WASHINGTON Capitals.

3rd period


0:01 of 3rd period - Sean Monahan wins face-off versus Aleksander Barkov in neutral zone.
0:27 of 3rd period - Shot by Austin Czarnik.
0:27 of 3rd period - Shot Misses the Net.
0:29 of 3rd period - Shot by Sean Monahan.
0:29 of 3rd period - Stopped by Marcus Hogberg without a rebound.
0:30 of 3rd period - Aleksander Barkov wins face-off versus Sean Monahan in WASHINGTON Capitals zone.
2:16 of 3rd period - Matt Roy is hit by Nikita Kucherov and loses puck.
2:36 of 3rd period - Jason Zucker is hit by Denis Gurianov and loses puck.
3:16 of 3rd period - Shot by Frederick Gaudreau.
3:16 of 3rd period - Deflect By Aleksander Barkov.
3:16 of 3rd period - Shot Misses the Net.
3:34 of 3rd period - Olli Maatta is hit by Jared McCann and loses puck.
3:50 of 3rd period - Off-side.
3:51 of 3rd period - Dryden Hunt wins face-off versus Zach Parise in neutral zone.
3:51 of 3rd period - Shea Theodore is hit by Adam Lowry and loses puck.
7:08 of 3rd period - Off-side.
7:09 of 3rd period - Zach Parise wins face-off versus Aleksander Barkov in neutral zone.
7:42 of 3rd period - Shot by Zach Parise.
7:42 of 3rd period - Shot Misses the Net.
8:10 of 3rd period - Shot by Sam Reinhart.
8:10 of 3rd period - Shot Misses the Net.
8:24 of 3rd period - Shot by Sam Reinhart.
8:24 of 3rd period - Shot Misses the Net.
8:30 of 3rd period - Shot by Jakob Silfverberg.
8:30 of 3rd period - Stopped by Marcus Hogberg with a rebound.
8:32 of 3rd period - Shot by Matt Roy.
8:32 of 3rd period - Shot Misses the Net.
8:46 of 3rd period - Shot by Jason Zucker.
8:46 of 3rd period - Stopped by Marcus Hogberg without a rebound.
8:47 of 3rd period - Dryden Hunt wins face-off versus Sean Monahan in WASHINGTON Capitals zone.
8:51 of 3rd period - Off-side.
8:52 of 3rd period - Sean Monahan wins face-off versus Dryden Hunt in neutral zone.
9:03 of 3rd period - Shot by Jason Zucker.
9:03 of 3rd period - Stopped by Marcus Hogberg without a rebound.
9:04 of 3rd period - Dryden Hunt wins face-off versus Joe Veleno in WASHINGTON Capitals zone.
9:35 of 3rd period - Shot by Kasperi Kapanen.
9:35 of 3rd period - Shot Blocked by Nick Jensen.
9:37 of 3rd period - Shot by Joe Veleno.
9:37 of 3rd period - Stopped by Marcus Hogberg without a rebound.
9:38 of 3rd period - Sean Monahan wins face-off versus Alex Killorn in WASHINGTON Capitals zone.
9:43 of 3rd period - Shot by Jason Zucker.
9:43 of 3rd period - Shot Misses the Net.
12:44 of 3rd period - Shot by Austin Czarnik.
12:44 of 3rd period - Shot Misses the Net.
12:52 of 3rd period - Shot by Sean Monahan.
12:52 of 3rd period - Stopped by Marcus Hogberg without a rebound.
12:53 of 3rd period - Dryden Hunt wins face-off versus Sam Reinhart in WASHINGTON Capitals zone.
12:53 of 3rd period - Dryden Hunt is hit by Pavel Buchnevich.
13:05 of 3rd period - Shot by Givani Smith.
13:05 of 3rd period - Deflect By Joel Kiviranta.
13:05 of 3rd period - Shot Blocked by Olli Maatta.
13:07 of 3rd period - Shot by Haydn Fleury.
13:07 of 3rd period - Deflect By Givani Smith.
13:07 of 3rd period - Shot Blocked by Olli Maatta.
13:09 of 3rd period - Shot by Nick Jensen.
13:09 of 3rd period - Shot Misses the Net.
13:22 of 3rd period - Joel Kiviranta is hit by Olli Maatta and loses puck.
13:49 of 3rd period - Shot by Austin Czarnik.
13:49 of 3rd period - Stopped by Marcus Hogberg with a rebound.
13:51 of 3rd period - Shot by Alex Pietrangelo.
13:51 of 3rd period - Stopped by Marcus Hogberg without a rebound.
13:52 of 3rd period - Andreas Johnsson wins face-off versus Austin Czarnik in WASHINGTON Capitals zone.
13:54 of 3rd period - Icing by Mikey Eyssimont.
13:55 of 3rd period - Mikey Eyssimont wins face-off versus Sean Monahan in WASHINGTON Capitals zone.
13:55 of 3rd period - Mikey Eyssimont is hit by Jason Zucker.
14:10 of 3rd period - Off-side.
14:11 of 3rd period - Joe Veleno wins face-off versus Jared McCann in neutral zone.
14:34 of 3rd period - Shot by Brock McGinn.
14:34 of 3rd period - Stopped by Marcus Hogberg with a rebound.
14:38 of 3rd period - Shot by Kasperi Kapanen.
14:38 of 3rd period - Stopped by Marcus Hogberg with a rebound.
14:40 of 3rd period - Shot by Brock McGinn.
14:40 of 3rd period - Stopped by Marcus Hogberg without a rebound.
14:41 of 3rd period - Mikey Eyssimont wins face-off versus Sean Monahan in WASHINGTON Capitals zone.
14:41 of 3rd period - Andreas Johnsson is hit by Jason Zucker and loses puck.
14:51 of 3rd period - Minor Penalty to Alex Pietrangelo for Hooking.
14:52 of 3rd period - Sean Monahan wins face-off versus Alex Killorn in PHILADELPHIA Flyers zone.
15:50 of 3rd period - Shea Theodore is hit by Justin Faulk and loses puck.
16:06 of 3rd period - Jared McCann is hit by Justin Faulk and loses puck.
16:17 of 3rd period - Shot by Joel Hanley.
16:17 of 3rd period - Shot Misses the Net.
16:19 of 3rd period - Shot by Aleksander Barkov.
16:19 of 3rd period - Shot Misses the Net.
16:21 of 3rd period - Shot by Jared McCann.
16:21 of 3rd period - Shot Blocked by Justin Faulk.
17:17 of 3rd period - Icing by Sean Walker.
17:18 of 3rd period - Zach Parise wins face-off versus Mikey Eyssimont in WASHINGTON Capitals zone.
17:28 of 3rd period - Icing by Denis Gurianov.
17:29 of 3rd period - Mikey Eyssimont wins face-off versus Zach Parise in WASHINGTON Capitals zone.
17:29 of 3rd period - Mikey Eyssimont is hit by Adam Lowry.
17:32 of 3rd period - Andreas Johnsson is hit by Adam Lowry and loses puck.
17:38 of 3rd period - Minor Penalty to Adam Lowry for Charging.
17:39 of 3rd period - Aleksander Barkov wins face-off versus Sean Monahan in PHILADELPHIA Flyers zone.
18:12 of 3rd period - Shot by Sean Monahan.
18:12 of 3rd period - Deflect By Austin Czarnik.
18:12 of 3rd period - Stopped by Marcus Hogberg without a rebound.
18:13 of 3rd period - Alex Killorn wins face-off versus Sean Monahan in WASHINGTON Capitals zone.
19:21 of 3rd period - Icing by Joel Hanley.
19:22 of 3rd period - Aleksander Barkov wins face-off versus Sean Monahan in WASHINGTON Capitals zone.
19:29 of 3rd period - Shot by Joel Hanley.
19:29 of 3rd period - Stopped by Stuart Skinner with a rebound.
19:31 of 3rd period - Shot by Shea Theodore.
19:31 of 3rd period - Stopped by Stuart Skinner without a rebound.
19:32 of 3rd period - Aleksander Barkov wins face-off versus Jason Zucker in PHILADELPHIA Flyers zone.
19:56 of 3rd period - Shot by Zach Parise.
19:56 of 3rd period - Stopped by Marcus Hogberg without a rebound.
19:57 of 3rd period - Aleksander Barkov wins face-off versus Sam Reinhart in WASHINGTON Capitals zone.
19:57 of 3rd period - Aleksander Barkov is hit by Pavel Buchnevich.
Goals for this period are 0 for PHILADELPHIA Flyers vs 0 for WASHINGTON Capitals.
Shots for this period are 13 for PHILADELPHIA Flyers vs 2 for WASHINGTON Capitals.